Map: Newkirk Precinct TE (Void)

Players

SpeCial - Winner!

  • Race: Terran Terran
  • League: Grandmaster
  • Spawn Location: 5:00

Nerchio

  • Race: Zerg Zerg
  • League: Master
  • Spawn Location: 7:00

Event: NationWars IV

VOD

Have the link to the VOD?

Description

Time

  • Played on: Jan. 5, 2017, 5:33 p.m.
  • Length: 19:50

All games in this series

Show
View Real Time Build Order
Export as new Build Order

SpeCial Terran - Winner!

Build Orders: Hellion Banshee 

Get SALT Encoding   

  12  0:00  SCV  
  13  0:12  SCV  
  14  0:18  Supply Depot  
  14  0:25  SCV  
  15  0:29  Refinery  
  15  0:40  SCV  
  16  0:46  Barracks  
  16  0:52  SCV  
  17  1:04  SCV  
  18  1:16  SCV  
  20  1:34  Orbital Command, Reaper  
  20  1:45  Command Center  
  20  1:56  Factory  
  20  1:59  SCV  
  21  2:06  Refinery  
  21  2:09  Barracks Reactor  
  21  2:11  SCV  
  22  2:18  Supply Depot  
  22  2:24  SCV  
  23  2:40  SCV  
  23  2:41  Starport  
  28  2:51  Hellion x2  
  28  2:52  Marine, SCV  
  30  3:02  Orbital Command  
  30  3:05  SCV  
  31  3:14  Widow Mine x2  
  31  3:17  SCV  
  36  3:22  Medivac  
  38  3:28  SCV  
  38  3:29  SCV  
  38  3:33  Barracks Tech Lab  
  39  3:37  Supply Depot  
  39  3:41  SCV x2  
  41  3:45  Hellion  
  41  3:47  Hellion  
  45  3:57  SCV  
  45  3:58  SCV  
  45  3:59  Barracks Tech Lab  
  45  4:00  Viking  
  45  4:02  Supply Depot  
  49  4:05  Cloaking Field  
  49  4:10  SCV  
  49  4:11  SCV  
  49  4:16  Hellion  
  55  4:24  Hellion  
  55  4:26  SCV x2  
  57  4:31  Banshee, Supply Depot  
  57  4:38  SCV x2  
  62  4:42  Supply Depot  
  62  4:52  Command Center  
  62  4:55  SCV x2  
  62  4:59  Hellion x2  
  56  5:07  SCV  
  56  5:08  SCV  
  58  5:14  Banshee  
  58  5:16  Refinery  
  58  5:17  Refinery  
  61  5:23  Starport  
  61  5:25  SCV  
  61  5:27  Starport  
  63  5:28  SCV  
  63  5:37  SCV, Barracks Reactor  
  63  5:38  Supply Depot  
  63  5:39  Supply Depot  
  63  5:40  SCV  
  66  5:50  SCV  
  66  5:51  Armory  
  66  5:53  Hellion x2  
  70  5:57  SCV  
  70  6:02  Supply Depot, SCV  
  72  6:06  Banshee x2  
  72  6:10  Orbital Command  
  78  6:16  SCV x2  
  80  6:20  Hyperflight Rotors  
  80  6:25  Liberator  
  80  6:26  Liberator  
  80  6:28  SCV x2  
  82  6:36  Orbital Command  
  82  6:40  SCV  
  89  6:47  SCV  
  89  6:52  SCV  
  89  6:54  Banshee  
  91  6:56  Refinery  
  91  6:59  Banshee, SCV  
  98  7:01  Hellion x2  
  98  7:05  SCV, Refinery  
  98  7:06  SCV  
  98  7:07  Supply Depot  
  104  7:11  SCV  
  104  7:15  Terran Ship Weapons Level 1  
  105  7:17  Engineering Bay  
  105  7:18  SCV x2  
  105  7:20  Liberator x2  
  107  7:25  SCV  
  107  7:28  Supply Depot  
  108  7:30  SCV  
  108  7:31  Command Center  
  108  7:33  Hellion  
  108  7:34  Hellion  
  113  7:39  SCV x2  
  121  7:48  Banshee  
  121  7:49  Banshee  
  127  7:53  Armory  
  127  7:58  SCV x3  
  117  8:03  Liberator  
  117  8:09  Hellion x2  
  117  8:10  SCV  
  117  8:11  SCV x2  
  124  8:12  Fusion Core  
  124  8:14  Supply Depot  
  124  8:18  Liberator  
  124  8:19  Liberator  
  124  8:25  SCV x3  
  130  8:30  Hellion  
  132  8:36  Hellion  
  132  8:40  Supply Depot x2  
  138  8:42  Viking  
  138  8:45  Missile Turret  
  138  8:46  Missile Turret  
  138  8:47  Missile Turret  
  140  8:55  Missile Turret  
  138  8:57  Hellion  
  138  8:58  Hellion  
  138  9:02  Missile Turret  
  138  9:03  Viking  
  130  9:11  Terran Ship Weapons Level 2  
  130  9:12  Viking  
  130  9:15  Terran Vehicle And Ship Armor Level 1  
  132  9:18  Viking  
  132  9:19  Missile Turret, Viking  
  132  9:21  Missile Turret  
  132  9:23  Missile Turret  
  136  9:29  Hellion x2  
  128  9:39  Viking  
  128  9:42  Missile Turret, Viking  
  131  9:48  Viking  
  127  9:54  SCV x2  
  127  9:55  SCV  
  130  10:07  Command Center  
  130  10:10  Viking  
  130  10:11  Viking  
  134  10:17  Banshee  
  131  10:22  Banshee  
  134  10:29  SCV x3  
  137  10:40  Viking x2  
  137  10:41  SCV  
  134  10:59  Supply Depot  
  134  11:00  Supply Depot, Sensor Tower, Viking  
  134  11:03  Starport  
  136  11:04  Viking  
  136  11:05  SCV x2  
  136  11:10  Viking x2  
  143  11:13  Liberator  
  143  11:15  Advanced Ballistics  
  143  11:17  Liberator  
  143  11:31  Liberator x2  
  140  11:52  SCV x2  
  142  11:58  Hellion x2  
  146  12:06  Missile Turret  
  146  12:10  SCV x2  
  146  12:13  Banshee, Liberator  
  146  12:14  Liberator  
  149  12:17  Banshee  
  147  12:23  Missile Turret  
  147  12:24  Missile Turret  
  147  12:28  Starport Tech Lab  
  147  12:34  SCV x2  
  155  12:37  Refinery, Terran Ship Weapons Level 3  
  155  12:47  Sensor Tower  
  152  12:53  Refinery  
  152  12:56  Refinery, Viking  
  152  13:00  Viking  
  155  13:06  Hellion x2  
  155  13:10  SCV  
  155  13:11  SCV  
  157  13:13  Viking  
  159  13:20  Viking x2  
  159  13:22  Planetary Fortress  
  159  13:23  SCV x3, Liberator x2  
  168  13:27  Hellion x2  
  167  13:35  SCV  
  155  13:49  Refinery  
  155  13:50  Banshee, Liberator x2  
  158  13:57  Command Center  
  164  14:13  Hellion x2  
  168  14:23  Banshee x2  
  168  14:26  Missile Turret  
  162  14:33  Raven  
  164  14:45  Command Center  
  164  14:46  Command Center, Terran Vehicle And Ship Armor Level 2  
  161  15:02  SCV x3  
  161  15:06  Raven  
  164  15:14  SCV  
  164  15:21  Refinery  
  164  15:23  Raven x2  
  164  15:24  Refinery, Viking  
  170  15:33  Hellion x2  
  174  15:38  Viking  
  174  15:42  Supply Depot  
  127  16:14  Hellion x2, Liberator x2  
  127  16:22  Banshee x3  
  124  16:27  Planetary Fortress  
  124  16:32  Starport  
  126  16:35  Hellion  
  126  16:36  Hellion  
  130  16:43  Orbital Command  
  130  16:44  Orbital Command  
  130  16:50  Sensor Tower  
  130  16:57  Liberator x2  
  130  17:01  Missile Turret  
  130  17:03  Missile Turret  
  130  17:04  Missile Turret, Banshee  
  130  17:05  Banshee  
  136  17:13  Starport Tech Lab  
  142  17:18  Corvid Reactor  
  142  17:20  Recalibrated Explosives  
  131  17:37  Hellion x2  
  131  17:38  Raven x2  
  139  17:45  Liberator x2  
  139  17:47  Raven  
  138  18:12  Raven  
  138  18:17  Hellion x2  
  144  18:20  Refinery  
  144  18:22  Missile Turret  
  144  18:26  Command Center, Refinery  
  144  18:29  Command Center  
  144  18:49  Hellion x2  
  144  18:51  Banshee x3  
  144  18:55  Raven  
Show
View Real Time Build Order
Export as new Build Order

Nerchio Zerg 

Build Orders: Pool First 

Get SALT Encoding   

  12  0:00  Drone  
  13  0:13  Overlord  
  13  0:18  Drone  
  14  0:31  Drone x2  
  14  0:35  Drone  
  17  0:46  Spawning Pool  
  16  0:50  Drone  
  17  1:12  Hatchery  
  17  1:14  Drone  
  17  1:17  Extractor  
  16  1:19  Drone  
  16  1:23  Drone  
  18  1:33  Queen  
  18  1:37  Zergling x2  
  21  1:40  Drone  
  22  1:49  Overlord  
  22  2:08  Drone  
  23  2:09  Queen  
  23  2:11  Drone  
  26  2:21  Metabolic Boost  
  26  2:23  Queen  
  26  2:24  Drone  
  26  2:29  Drone  
  30  2:33  Drone  
  30  2:35  Drone  
  32  2:42  Overlord  
  32  2:43  Drone  
  33  2:45  Drone  
  33  2:47  Drone  
  33  2:50  Drone  
  36  3:05  Hatchery  
  35  3:06  Drone  
  35  3:10  Drone  
  37  3:19  Drone x3  
  40  3:24  Drone x3  
  40  3:26  Overlord  
  43  3:37  Roach Warren, Drone x2  
  43  3:39  Overlord  
  44  3:45  Drone x2  
  44  3:46  Drone  
  44  3:47  Drone  
  48  3:53  Extractor  
  47  3:56  Zergling x2  
  47  3:57  Zergling x2, Evolution Chamber  
  47  4:02  Lair  
  48  4:05  Extractor, Drone x2  
  48  4:06  Drone  
  48  4:07  Drone  
  51  4:12  Drone  
  51  4:16  Overlord  
  52  4:20  Zergling x4  
  52  4:21  Zergling x2  
  52  4:22  Zergling x4  
  57  4:27  Spore Crawler  
  57  4:30  Drone  
  54  4:33  Drone  
  54  4:34  Drone  
  54  4:36  Drone  
  57  4:39  Drone  
  57  4:40  Drone  
  59  4:47  Drone x3  
  59  4:49  Overlord  
  61  4:55  Overlord  
  61  4:58  Drone x2  
  59  5:01  Drone  
  59  5:02  Drone  
  59  5:07  Drone  
  59  5:08  Drone  
  59  5:11  Drone  
  59  5:12  Drone  
  63  5:15  Drone x2  
  63  5:17  Drone  
  63  5:19  Drone  
  67  5:26  Spore Crawler  
  67  5:27  Roach, Spore Crawler  
  66  5:28  Glial Reconstitution  
  66  5:33  Roach  
  68  5:38  Overseer  
  68  5:39  Roach x2  
  72  5:42  Drone  
  72  5:43  Drone x3  
  72  5:44  Overseer  
  72  5:49  Overlord  
  75  5:53  Queen  
  75  5:56  Zerg Ground Armor Level 1  
  77  6:03  Drone x5  
  82  6:05  Overlord  
  82  6:09  Drone x2  
  82  6:10  Drone x2  
  86  6:13  Overlord  
  86  6:15  Drone x2  
  88  6:23  Infestation Pit  
  88  6:24  Extractor x3  
  86  6:25  Roach  
  86  6:26  Roach x2  
  90  6:32  Queen  
  90  6:33  Queen  
  90  6:38  Spire  
  93  6:44  Spore Crawler  
  93  6:45  Drone x3  
  93  6:46  Spore Crawler, Drone  
  95  6:48  Spore Crawler, Drone  
  95  6:54  Overlord  
  95  6:57  Overlord  
  95  7:14  Overlord  
  95  7:18  Hatchery  
  94  7:28  Drone x4  
  94  7:29  Spore Crawler  
  97  7:31  Spore Crawler  
  97  7:34  Extractor  
  95  7:39  Extractor  
  94  7:49  Corruptor x2  
  94  7:50  Corruptor  
  94  7:51  Corruptor x6  
  90  7:54  Drone x2  
  90  7:55  Drone  
  105  7:58  Drone x2  
  105  8:04  Zerg Flyer Armor Level 1  
  103  8:10  Hatchery  
  103  8:12  Corruptor x2  
  107  8:18  Corruptor  
  108  8:25  Overseer  
  108  8:27  Pneumatized Carapace, Overseer  
  108  8:29  Corruptor  
  110  8:36  Roach x5  
  110  8:39  Roach  
  111  8:48  Roach x2  
  111  8:49  Roach x3  
  111  8:51  Drone  
  111  8:52  Drone  
  111  8:54  Drone  
  120  8:57  Drone x2  
  120  8:59  Drone  
  122  9:07  Drone  
  119  9:19  Overlord  
  119  9:20  Overlord  
  119  9:26  Overlord x2  
  119  9:28  Overlord  
  119  9:32  Corruptor  
  119  9:33  Infestor  
  119  9:37  Corruptor  
  125  9:42  Drone x2  
  125  9:46  Corruptor  
  127  10:00  Drone x5  
  127  10:01  Drone x3  
  134  10:09  Zerg Missile Weapons Level 1  
  134  10:10  Infestation Pit  
  134  10:13  Drone x3  
  136  10:20  Drone x2  
  136  10:21  Drone x2  
  139  10:22  Ravager  
  139  10:23  Ravager x5  
  139  10:25  Zerg Flyer Armor Level 2  
  146  10:29  Zergling x4  
  146  10:30  Zergling x2  
  149  10:37  Spine Crawler  
  149  10:38  Spine Crawler  
  149  10:39  Spine Crawler  
  149  10:42  Spine Crawler  
  145  10:43  Corruptor  
  145  10:47  Corruptor  
  149  10:50  Corruptor  
  151  10:58  Drone  
  151  10:59  Spore Crawler, Drone x3  
  151  11:00  Spore Crawler  
  153  11:13  Hive  
  153  11:23  Zergling x2  
  153  11:24  Zergling x12  
  159  11:37  Hatchery  
  154  11:46  Corruptor x3  
  156  11:48  Overlord  
  156  11:49  Overlord  
  156  11:53  Overlord  
  156  11:55  Spine Crawler  
  156  11:56  Spine Crawler  
  156  11:57  Overlord  
  145  12:09  Hatchery  
  141  12:18  Corruptor x4  
  149  12:28  Drone  
  149  12:29  Drone x4  
  150  12:32  Drone  
  150  12:33  Drone  
  150  12:36  Drone  
  153  12:45  Overlord  
  153  12:46  Infestor  
  157  12:59  Hatchery  
  157  13:05  Infestor  
  155  13:11  Corruptor  
  155  13:23  Corruptor x3  
  154  13:32  Ravager x2  
  154  13:38  Corruptor x2  
  110  13:52  Corruptor  
  112  14:05  Roach x3  
  112  14:07  Overseer  
  112  14:08  Overseer  
  118  14:15  Corruptor x2  
  119  14:17  Corruptor  
  119  14:21  Drone x2  
  119  14:23  Drone  
  121  14:25  Drone  
  122  14:32  Drone x3  
  122  14:37  Spore Crawler  
  124  14:42  Corruptor  
  124  14:44  Infestor  
  128  14:47  Infestor  
  128  14:52  Drone x3  
  132  14:54  Drone  
  132  14:55  Ravager x2  
  132  14:57  Ravager  
  132  14:58  Drone  
  135  15:03  Corruptor  
  137  15:08  Corruptor  
  135  15:17  Zerg Flyer Weapons Level 1  
  135  15:21  Drone x3  
  135  15:23  Spore Crawler  
  135  15:25  Spore Crawler  
  135  15:28  Corruptor  
  136  15:42  Spore Crawler  
  136  15:43  Drone x2  
  136  15:44  Spore Crawler  
  134  15:55  Hatchery  
  125  15:57  Roach x5  
  125  16:01  Corruptor  
  125  16:02  Corruptor  
  113  16:13  Queen x2  
  113  16:14  Queen  
  104  16:20  Ravager x4  
  104  16:21  Infestor  
  104  16:23  Infestor  
  110  16:26  Infestor  
  110  16:30  Infestor  
  114  16:39  Corruptor  
  116  16:40  Corruptor  
  116  16:45  Corruptor  
  120  16:48  Spore Crawler  
  120  16:53  Corruptor  
  120  16:54  Spore Crawler  
  120  16:57  Corruptor  
  122  17:02  Corruptor  
  124  17:13  Drone x7  
  129  17:32  Viper x3  
  138  17:40  Spore Crawler  
  138  17:41  Spore Crawler x2  
  134  17:44  Corruptor x2  
  134  17:48  Overlord  
  138  17:56  Overseer x2  
  132  18:00  Infestor  
  132  18:04  Extractor  
  131  18:08  Corruptor x2  
  135  18:15  Extractor  
  135  18:16  Corruptor  
  134  18:36  Corruptor x3  
  134  18:37  Overlord x2  
  140  18:42  Overlord x2  
Tags
 
Add a new tag
Caveats
  • Supply blocks, unpowered buildings, or Contaminate may cause inaccurate times.
  • Supply counts are checked every 10 seconds.